 Dungeon Crawl Stone Soup version 0.30.1-9-gdf580d7c3d (webtiles) character file.

Game seed: 11379926475274117825

140 lonewolfV2 the Shield-Bearer (level 5, -3/42 HPs)
             Began as a Formicid Fighter on Oct 11, 2023.
             Slain by an iguana (9 damage)
             ... on level 4 of the Dungeon.
             The game lasted 00:02:41 (2219 turns).

lonewolfV2 the Shield-Bearer (Formicid Fighter)     Turns: 2219, Time: 00:02:42

Health: -3/42      AC:  7    Str: 20    XL:     5   Next: 47%
Magic:  5/5        EV:  9    Int:  8    God:
Gold:   194        SH:  5    Dex: 15    Spells: 4/4 levels left

rFire   . . .        a - +0 war axe (freeze)
rCold   . . .        c - +0 buckler
rNeg    . . .        b - +0 scale mail
rPois   .            (helmet unavailable)
rElec   .            (no cloak)
rCorr   .            (no gloves)
SInv    +            (no boots)
Will    .....        (no amulet) Stlth
                     (no ring)
HPRegen 0.27/turn    (no ring)
MPRegen 0.09/turn

%: no passive effects
@: weakened
A: permanent stasis, dig shafts and tunnels, antennae 3, four strong arms
a: Dig, Shaft Self


You were on level 4 of the Dungeon.
You visited 1 branch of the dungeon, and saw 4 of its levels.

You collected 194 gold pieces.

Inventory:

Hand Weapons
 a - a +0 war axe of freezing (weapon)
Armour
 b - a +0 scale mail (worn)
 c - a +0 buckler (worn)
Wands
 h - a wand of flame (11)
Scrolls
 i - a scroll of immolation
 k - a scroll of fear
Potions
 d - a potion of might
 e - 3 potions of curing
 f - a potion of attraction {unknown}
 g - 2 potions of degeneration
 j - a potion of lignification {unknown}


   Skills:
 + Level 3.8 Fighting
 + Level 3.8 Axes
 + Level 4.0 Armour
 + Level 0.1 Dodging
 + Level 0.7 Stealth
 + Level 4.8 Shields


You had 4 spell levels left.
You didn't know any spells.
Your spell library contained the following spells:

 Spells                   Type           Power      Damage    Failure   Level
 Slow                     Hex            0%         N/A       83%         1
 Ozocubu's Armour         Ice            0%         N/A       99%         3
 Cause Fear               Hex            0%         N/A       100%        4
 Dragon Form              Tmut           0%         N/A       100%        7
 Ozocubu's Refrigeration  Ice            0%         4d7       100%        7
 Dragon's Call            Summ           0%         N/A       100%        9


Dungeon Overview and Level Annotations

Branches:
Dungeon (4/15)
 Temple: D:4-7

Altars:
Ru
Sif Muna
Vehumet

Shops:
D:3 *

Annotations:
D:3 exclusion: statue


Innate Abilities, Weirdness & Mutations

You cannot be hasted, slowed, berserked, paralysed or teleported.
You can dig through walls and to a lower floor.
You have a pair of large antennae on your head. (SInv)
Your four strong arms can wield two-handed weapons with a shield.


Message History

A gnoll comes into view. It is wielding a +0 whip.
The gnoll shouts!
The gnoll hits you from afar with a +0 halberd!
You block the gnoll's attack.
You slash the gnoll! You freeze the gnoll.
You kill the gnoll!
The iguana bites you.
You closely miss the iguana. You block the iguana's attack.
You hit the iguana. You freeze the iguana.
The iguana is moderately wounded.
The iguana bites you!
You closely miss the iguana.
The iguana is moderately wounded.
The iguana closely misses you. x2
Unknown command.
You hit the iguana.
The iguana seems to slow down.
You freeze the iguana.
The iguana is heavily wounded.
The iguana bites you!
You completely miss the iguana.
The iguana is heavily wounded.
The gnoll is no longer moving quickly.
The gnoll bouda gazes fiercely through you!
You feel your attacks grow feeble.
Unknown command.
You completely miss the iguana.
The iguana is heavily wounded.
The iguana misses you.
You hit the iguana but do no damage.
The iguana is heavily wounded.
The iguana is no longer moving slowly.
The gnoll bouda barks out a call to the hunt!
The gnoll picks up the pace!
The iguana bites you!
* * * LOW HITPOINT WARNING * * *
You hit the iguana.
The iguana seems to slow down.
You freeze the iguana.
The iguana is severely wounded.
The gnoll bouda gazes fiercely through you!
You feel as though you will be weak longer.
The iguana bites you!
You die...

#..8'8# #.....#
#.....######
#...........
#...........
#.....g.gl..
#...........
#######g# {
#...@lgg#
...######.#######
...'.............{
..####.####.####
#.......(.
#.#.####### #.#.#
##.#.# ##..#.# {


You could see a gnoll bouda, an iguana (slow) and 2 gnolls.

Vanquished Creatures
  An orc wizard (D:3)
  A gnoll (D:4)
  5 adders
  A worm (D:3)
  A dart slug (D:1)
  3 orcs (D:3)
  6 endoplasms
  2 giant cockroaches
  4 goblins
  3 hobgoblins (D:2)
  6 quokkas
  5 ball pythons
  5 bats
  4 frilled lizards
  9 rats
56 creatures vanquished.

Notes
Turn   | Place    | Note
-------+----------+-------------------------------------------
     0 | D:1      | lonewolfV2 the Formicid Fighter began the quest for the
                  | Orb.
     0 | D:1      | Reached XP level 1. HP: 18/18 MP: 1/1
   141 | D:1      | Reached XP level 2. HP: 24/24 MP: 2/2
   513 | D:2      | Found a faded altar of an unknown god.
   522 | D:2      | Got Plato's Almanac of the Fair Folk
   633 | D:2      | Reached XP level 3. HP: 26/29 MP: 3/3
   812 | D:2      | Found a sacrificial altar of Ru.
   900 | D:2      | Reached XP level 4. HP: 35/35 MP: 4/4
  1203 | D:3      | Reached XP level 5. HP: 18/42 MP: 5/5
  1376 | D:3      | Found Vumisux's Assorted Antiques.
  1479 | D:3      | Identified the +1 ring mail of Forking Paths {rF+ Will+
                  | Dex-3}
  1595 | D:3      | Found a radiant altar of Vehumet.
  1595 | D:3      | Noticed a charred statue
  2176 | D:4      | Found a shimmering blue altar of Sif Muna.
  2219 | D:4      | Slain by an iguana

Illustrated notes

Levels and vault maps discovered:
D:1:      spicycebolla_green_bress_n_ham, layout_rooms
D:2:      layout_loops_ring, basic_altar, shapermc_ecumenical_altar_rom_forum,
          minmay_door_square, st_stairs_8, grunt_ministairs_9
D:3:      layout_basic, vehumet_statue, serial_shops, nicolae_shop_tiny_glass
D:4:      layout_basic, mainiacjoe_overflow_cross_hatched,
          jmf_multi_god_temple2, mainiacjoe_overflow_catwalk, uniq_pikel

Skill      XL: |  1  2  3  4  5 |
---------------+----------------+-----
Axes           | 3 |  3.8
Armour         | 4 |  4.0
Fighting       | |  3.8
Dodging        | |  0.1
Stealth        | |  0.7
Shields        | |  4.8

Action                     |  1- 3 |  4- 6 || total
---------------------------+-------+-------++-------
  Melee: War axe           |    54 |    77 ||   131
    Use: Scroll            |       |     9 ||     9
 Armour: Scale mail        |    29 |    33 ||    62
  Dodge: Dodged            |    33 |    36 ||    69
  Block: Buckler           |    16 |    17 ||    33
